Map: Orbital Shipyard

Players

koshr

  • Race: Protoss Protoss
  • League: Bronze

Mariuslol

  • Race: Protoss Protoss
  • League: Diamond

zolton

  • Race: Zerg Zerg

MorN

  • Race: Zerg Zerg
  • League: Master

VOD

Have the link to the VOD?

Description

Time

  • Played on: Nov. 20, 2015, 9:11 p.m.
  • Length: 13:07
Show
View Real Time Build Order
Export as new Build Order

koshr Protoss 

Build Orders:  

Get SALT Encoding   

  12  0:01  Probe (Chrono Boost)  
  13  0:11  Probe (Chrono Boost)  
  14  0:18  Pylon  
  14  0:22  Probe (Chrono Boost)  
  15  0:36  Probe (Chrono Boost)  
  15  0:39  Gateway  
  16  0:47  Probe (Chrono Boost)  
  17  0:50  Assimilator  
  17  0:57  Probe (Chrono Boost)  
  17  1:03  Assimilator  
  18  1:08  Probe (Chrono Boost)  
  18  1:10  Pylon  
  20  1:18  Probe (Chrono Boost)  
  20  1:28  Cybernetics Core  
  20  1:31  Probe (Chrono Boost)  
  21  1:33  Zealot (Chrono Boost)  
  23  1:42  Probe  
  24  1:50  Gateway  
  24  1:55  Probe  
  24  2:00  Zealot (Chrono Boost)  
  27  2:06  Warp Gate (Chrono Boost)  
  27  2:11  Probe  
  28  2:23  Probe  
  28  2:25  Stalker  
  28  2:27  Pylon  
  31  2:44  Stalker  
  31  2:45  Probe  
  34  2:55  Adept  
  34  2:57  Probe  
  37  3:13  Nexus  
  37  3:18  Adept  
  39  3:25  Pylon  
  39  3:43  Adept, Pylon  
  39  3:48  Forge  
  41  3:52  Probe  
  42  4:07  Gateway  
  42  4:14  Probe  
  39  4:25  Adept  
  39  4:26  Adept  
  39  4:29  Protoss Ground Armor Level 1 (Chrono Boost)  
  41  4:35  Probe  
  42  4:40  Probe  
  39  4:46  Assimilator  
  39  4:49  Probe  
  40  5:00  Twilight Council  
  40  5:01  Probe  
  41  5:11  Probe  
  41  5:13  Probe  
  43  5:15  Zealot x3  
  49  5:21  Probe  
  49  5:26  Mothership Core  
  52  5:34  Pylon  
  45  5:39  Probe  
  41  5:46  Stalker x3  
  41  5:47  Probe  
  47  5:54  Probe  
  48  5:59  Probe  
  48  6:02  Pylon  
  49  6:04  Probe  
  49  6:14  Zealot x2  
  49  6:16  Protoss Ground Weapons Level 1 (Chrono Boost)  
  53  6:23  Dark Shrine  
  53  6:25  Probe  
  54  6:26  Probe  
  55  6:38  Stalker  
  57  6:47  Stalker  
  59  6:56  Probe  
  59  6:57  Probe  
  61  7:04  Sentry x2  
  61  7:07  Probe  
  66  7:09  Probe  
  66  7:14  Zealot  
  69  7:22  Robotics Facility  
  69  7:24  Probe  
  69  7:25  Probe  
  71  7:30  Zealot x2  
  71  7:34  Probe  
  76  7:37  Probe  
  76  7:41  Dark Templar  
  77  7:55  Dark Templar x2  
  67  8:20  Dark Templar  
  67  8:23  Immortal (Chrono Boost)  
  67  8:25  Probe  
  67  8:26  Probe  
  75  8:31  Adept  
  75  8:32  Adept  
  79  8:35  Probe  
  79  8:38  Probe  
  81  8:46  Probe  
  81  8:48  Protoss Ground Weapons Level 2 (Chrono Boost)  
  82  8:50  Probe  
  83  8:58  Gateway  
  83  9:00  Gateway  
  77  9:06  Adept x3  
  77  9:09  Pylon  
  83  9:10  Pylon  
  83  9:13  Probe  
  84  9:20  Observer (Chrono Boost)  
  85  9:39  Dark Templar  
  69  10:04  Adept x4  
  75  10:07  Immortal  
  57  10:34  Dark Templar  
  59  10:36  Zealot x3  
  59  10:37  Zealot  
  67  10:57  Probe  
  67  10:58  Probe  
  69  11:05  Stalker x2  
  69  11:06  Stalker  
  69  11:08  Probe  
  69  11:10  Probe  
  77  11:25  Zealot x2  
  81  11:27  Warp Prism (Chrono Boost)  
  81  11:30  Zealot x3  
  51  11:59  Stalker x5  
  45  12:01  Immortal (Chrono Boost)  
  45  12:29  Stalker x2  
  49  12:30  Stalker x2  
  51  12:51  Dark Templar  
Show
View Real Time Build Order
Export as new Build Order

Mariuslol Protoss 

Build Orders:  

Get SALT Encoding   

  12  0:01  Drone  
  13  0:14  Overlord  
  13  0:20  Drone  
  14  0:32  Drone  
  14  0:33  Drone  
  16  0:37  Drone  
  17  0:53  Hatchery  
  17  0:56  Drone  
  17  1:01  Drone  
  18  1:10  Drone  
  19  1:27  Hatchery  
  19  1:29  Drone  
  19  1:31  Drone  
  20  1:35  Extractor  
  19  1:49  Spawning Pool  
  19  1:50  Drone  
  19  1:53  Drone  
  20  2:03  Overlord  
  20  2:07  Drone  
  21  2:15  Drone  
  22  2:19  Drone  
  23  2:37  Queen x2  
  23  2:39  Queen  
  23  2:40  Zergling x2  
  23  2:42  Zergling x2  
  31  2:47  Metabolic Boost  
  31  2:49  Drone  
  32  2:53  Drone  
  33  2:58  Overlord  
  33  3:02  Drone x2  
  33  3:05  Drone  
  36  3:09  Drone  
  37  3:13  Evolution Chamber, Drone  
  37  3:23  Drone x4  
  41  3:32  Overlord  
  41  3:34  Zergling x6  
  41  3:35  Zergling x2  
  41  3:37  Zergling x2  
  46  3:44  Overlord  
  46  3:53  Zerg Melee Weapons Level 1  
  46  3:54  Overlord  
  46  3:55  Drone x2  
  48  3:57  Drone x2  
  48  3:58  Drone  
  50  4:03  Drone x3  
  53  4:11  Overlord  
  53  4:14  Spore Crawler  
  53  4:15  Spore Crawler  
  53  4:16  Drone x3  
  53  4:18  Drone  
  53  4:19  Zergling x2  
  54  4:26  Extractor  
  54  4:27  Drone x3  
  54  4:28  Drone x2  
  54  4:30  Drone  
  59  4:38  Drone x3  
  61  4:41  Extractor  
  59  4:46  Roach Warren, Drone x3  
  59  4:48  Evolution Chamber  
  59  4:49  Drone, Extractor  
  59  4:50  Drone  
  61  4:57  Drone x4  
  61  4:58  Drone  
  61  4:59  Zergling x2  
  67  5:02  Zergling x4  
  69  5:08  Drone x2  
  69  5:09  Drone x3  
  69  5:13  Extractor  
  73  5:14  Extractor  
  72  5:22  Lair  
  72  5:26  Drone x2  
  72  5:27  Drone  
  75  5:29  Queen  
  77  5:39  Drone x2, Overlord  
  77  5:41  Zerg Ground Armor Level 1  
  79  5:53  Spore Crawler  
  79  5:55  Overlord x2  
  77  6:02  Roach  
  77  6:03  Hatchery, Roach x6  
  77  6:04  Overlord  
  90  6:05  Overlord  
  91  6:18  Roach  
  91  6:19  Roach x7  
  91  6:22  Glial Reconstitution  
  105  6:25  Zerg Melee Weapons Level 2  
  105  6:29  Infestation Pit  
  105  6:31  Drone x2  
  105  6:32  Drone x2  
  108  6:39  Overlord x2  
  108  6:46  Overlord x2  
  108  6:59  Overlord  
  108  7:00  Zergling x2  
  108  7:01  Zergling x18  
  118  7:14  Pneumatized Carapace  
  118  7:15  Hive  
  118  7:16  Hatchery, Ravager  
  118  7:17  Ravager x6  
  118  7:20  Zergling x10  
  118  7:21  Zergling x6  
  132  7:27  Zergling x6  
  132  7:29  Overseer  
  135  7:34  Hatchery  
  135  7:39  Zergling x4  
  135  7:40  Zergling x4  
  139  7:45  Overlord  
  139  7:50  Drone  
  139  7:51  Drone x2  
  142  7:52  Hydralisk Den  
  142  7:53  Spine Crawler  
  142  7:54  Spine Crawler  
  142  7:56  Spine Crawler  
  142  7:57  Drone x3  
  142  7:58  Drone  
  142  7:59  Drone x4  
  142  8:02  Zerg Ground Armor Level 2  
  145  8:06  Spine Crawler  
  145  8:07  Drone  
  145  8:08  Drone x3  
  130  8:22  Overseer  
  130  8:25  Overseer  
  130  8:26  Extractor  
  129  8:28  Spine Crawler  
  129  8:29  Drone x2, Extractor  
  129  8:30  Drone, Lurker Den  
  130  8:35  Ultralisk Cavern  
  130  8:37  Burrow  
  130  8:38  Overlord  
  129  8:42  Spore Crawler  
  129  8:43  Spine Crawler  
  127  8:58  Spore Crawler  
  127  8:59  Spine Crawler  
  125  9:04  Hydralisk  
  125  9:05  Hydralisk x8  
  125  9:08  Overlord  
  143  9:15  Hatchery  
  130  9:46  Zerg Melee Weapons Level 3, Adrenal Glands  
  130  9:47  Chitinous Plating  
  130  9:52  Drone x6  
  125  9:53  Drone  
  126  10:01  Lurker x7  
  133  10:07  Spore Crawler  
  133  10:08  Drone x4  
  133  10:10  Overlord, Spine Crawler  
  133  10:11  Spine Crawler  
  128  10:30  Spore Crawler  
  128  10:33  Drone x3  
  128  10:34  Drone x4, Spine Crawler x2  
  130  10:35  Spine Crawler  
  130  10:36  Extractor  
  130  10:38  Spine Crawler  
  130  10:39  Drone x2, Extractor  
  130  10:40  Ultralisk x3  
  146  11:06  Ultralisk x3  
  146  11:08  Zergling x2  
  146  11:09  Zergling x24  
  174  11:13  Zergling x2  
  174  11:14  Zergling x8  
  174  11:15  Lurker  
  174  11:16  Lurker  
  181  11:39  Overlord  
  179  11:40  Overlord  
  175  11:48  Zergling x2  
  175  11:49  Zergling x20  
  175  11:50  Zergling x2  
  175  11:55  Hatchery, Zergling x8  
  175  11:56  Zergling x2  
  173  12:10  Hatchery  
  196  12:38  Spire  
  196  12:39  Spire, Spine Crawler  
Show
View Real Time Build Order
Export as new Build Order

zolton Zerg 

Build Orders:  

Get SALT Encoding   

Show
View Real Time Build Order
Export as new Build Order

MorN Zerg 

Build Orders:  

Get SALT Encoding   

Tags
 
Add a new tag
Caveats
  • Supply blocks, unpowered buildings, or Contaminate may cause inaccurate times.
  • Supply counts are checked every 10 seconds.